K2, chaotic male elven Wizard #--- |..| ## #..-- -------- *# --#------#..--- |....|.---- -#-------------.............--- --....^....| --...%..^..*..........---#.....| |..........| ---(..---------....----.----.....--- -----....--....-- |.[..-- |..----.|.I^|........| --.--.....--.....| |)|..| ---- |...--<.........| --................| |.|--- --------- |-.............-- |.................| |.| ---.|.....---..............-- |.................| |.| |..........|.........*......| ---.........|..---- |.| |............--.............| ----....------ |)| ---...----...|--............| |....| ---- -->| --..-- |...| |............-- ---- ---.%-- |..---- --..-- --..-----.-----...........-- --..| |.....| --.....-- |....- --..---|...| -----..|.....| |...----....-----.......-------------.... --...|--..| -----....| |...%.)%%|...................^........... --..| |..| --...| ---.-----|..--------.----------------.-- |..| ---- ----- --- ---- --- --- ---- K2 the Thaumaturge Experience level: 7 Strength: 11 Dexterity: 15 Constitution: 15 Intelligence: 18 Wisdom: 12 Charisma: 12 Health: 0(42) Energy: 84(85) Def: 4 Gold: 1049 Moves: 6842 Dungeon seed: Vk2D5h3GqNx3dfZ5 Game ID: K2_1475274672 Your Inventory: Coins $ - 1049 gold pieces Weapons a - a blessed +0 dagger (weapon in hand) o - 11 uncursed +0 daggers (in quiver) t - an uncursed +0 elven dagger B - an uncursed +1 orcish dagger F - 3 uncursed +0 orcish daggers H - a cursed +0 dagger P - an uncursed +1 dagger Armor A - an uncursed +0 cloak of magic resistance (being worn) C - an uncursed +0 T-shirt (being worn) D - an uncursed +0 dwarvish iron helm (being worn) Comestibles I - an uncursed cram ration K - an uncursed egg O - an uncursed food ration Scrolls x - an uncursed scroll of light Spellbooks s - an uncursed spellbook of light Potions j - an uncursed potion of enlightenment u - an uncursed potion of healing J - an uncursed potion of speed Rings c - an uncursed ring of poison resistance d - an uncursed +1 ring of protection (on right hand) Wands b - an uncursed wand of sleep (0:0) n - an uncursed wand of death (0:7) R - an uncursed wand of digging (0:5) S - an uncursed wand of speed monster (0:1) Z - an uncursed wand of make invisible (0:4) Tools m - an uncursed wooden flute p - an uncursed +0 pick-axe q - an uncursed blindfold r - a cursed tallow candle (0:200) v - 5 uncursed wax candles (0:400) w - 3 uncursed tallow candles (0:200) z - an uncursed sack Gems e - 3 uncursed worthless pieces of yellowish brown glass y - an uncursed worthless piece of black glass E - 2 uncursed worthless pieces of yellow glass G - an uncursed fluorite stone N - an uncursed emerald Y - an uncursed worthless piece of violet glass Contents of the sack: an uncursed scroll of confuse monster an uncursed scroll of create monster an uncursed scroll of earth a cursed scroll of magic mapping a cursed scroll of teleportation an uncursed spellbook of detect treasure an uncursed spellbook of fireball a blessed spellbook of force bolt an uncursed spellbook of remove curse an uncursed potion of booze an uncursed potion of fruit juice a blessed potion of hallucination an uncursed ring of regeneration an uncursed ring of sustain ability an uncursed agate stone an uncursed worthless piece of blue glass an uncursed worthless piece of yellowish brown glass Spells and supernatural/magical abilities: Name Level Category Fail Memory a - force bolt 1 attack 0% 66% r - remove curse 3 clerical 86% 66% W - pray for help -- divine ? -- Your skills at the end: Fighting Skills wands [Basic] Weapon Skills dagger [Skilled] quarterstaff [Basic] Spellcasting Skills attack spells [Skilled] enchantment spells [Basic] Final Attributes: You were piously aligned. You were sleep resistant. You were poison resistant. You were magic-protected. You were blinded. You saw invisible. You had infravision. You were protected. You are dead. Vanquished creatures: a winter wolf cub 2 leprechauns a giant spider a horse a gnome king 2 dwarf mummies 2 dwarf lords a plains centaur 2 Uruk-hai an orc shaman a rock piercer a rock mole a fog cloud 2 yellow lights 4 gnome lords a gnomish wizard a black naga hatchling an elf zombie a straw golem 7 dwarves a kobold lord 5 hill orcs a rabid rat a giant bat a monkey 3 orc zombies 6 dwarf zombies 4 iguanas an acid blob 8 coyotes 3 hobbits 4 hobgoblins a giant rat 2 cave spiders a brown mold 24 gnomes 5 geckos 14 jackals 4 kobolds 3 goblins a sewer rat a grid bug 5 lichens a kobold zombie 10 newts 144 creatures vanquished. Voluntary challenges: You used a wielded weapon 183 times, starting on turn 116. You read items or engraved 4 times, starting on turn 3077. You never genocided any monsters. You never polymorphed an object. You never changed form. You used no wishes. You never split a pudding. You never wrote Elbereth's name. You never violated your personal moral code. You abstained from Elbereth's help. Dungeon overview: The Dungeons of Doom: levels 1 to 4 Level 1 a long staircase Level 2 an altar to Anhur, a fountain Level 3 a fountain Level 4 a potion shop, some fountains stairs to The Gnomish Mines The Gnomish Mines: levels 5 to 7 Level 5 stairs to The Dungeons of Doom Level 6 Level 7 <- You were here History has recorded: On T:1 you entered the Dungeons of Doom to retrieve the Amulet of Yendor! On T:464 you reached level 2 of The Dungeons of Doom. On T:984 you advanced to experience level 2. On T:1455 you advanced to experience level 3. On T:1780 you reached level 3 of The Dungeons of Doom. On T:2364 you advanced to experience level 4. On T:3164 you reached level 4 of The Dungeons of Doom. On T:3378 you advanced to experience level 5. On T:3705 you reached level 1 of The Gnomish Mines. On T:3923 you advanced to experience level 6. On T:5309 you reached level 2 of The Gnomish Mines. On T:5363 you advanced to experience level 7. On T:5666 you reached level 3 of The Gnomish Mines. Score breakdown: Gold: 1049 (10277 points) Experience: 7 levels (13645 points) Exploration: 7 levels ( 14.89%) (10834 points) Discoveries: 5 items ( 1.79%) ( 4008 points) Valuables value: (no points given unless you survive) Artifact value: 0 ( 0 points) Variety of kills: 45 monsters ( 11.75%) (10283 points) Turncount: 6842 turns (-1817 points) Survival: died (score multiplied by 80%) Total score: 37784 Latest messages: The force bolt misses it. It bites! (2x) The force bolt misses it. It bites! You begin praying to Anhur. You feel something move nearby. (4x) You feel that Anhur is well-pleased. The sleep ray hits it. You hit it. (3x) It bites! (2x) You hit it. It bites! You die... For some reason, you think that you can almost hear the Wizard laugh manically... Final status: Goodbye K2 the Wizard, killed by a raven... You died in The Gnomish Mines on dungeon level 7 with 37784 points, and 1049 pieces of gold, after 6842 moves. You were level 7 with a maximum of 42 hit points when you died.